 Dungeon Sprint DCSS version 0.16-a0-38-g23a437e (webtiles) character file.

81 Crauler the Sneak (level 4, -2/30 HPs)
             Began as a Vampire Enchanter on Aug 4, 2014.
             Slain by a water elemental (7 damage)
             ... in the Dungeon (Sprint III: "The Ten Rune Challenge").
             The game lasted 00:04:23 (361 turns).

Crauler the Sneak (Vampire Enchanter)                Turns: 361, Time: 00:04:24

HP  -2/30        AC  3     Str  7      XL: 4   Next: 19%
MP   1/11        EV 12     Int 17      God:
Gold 21          SH  0     Dex 15      Spells:  5 memorised,  0 levels left

rFire  . . .     SeeInvis +     a - +1 dagger
rCold  . . .     Clarity  .     b - +1 robe
rNeg   + . .     rCorr    .     (no shield)
rPois  .         rRot     .     (no helmet)
rElec  .         Spirit   .     (no cloak)
SustAb .         Warding  .     (no gloves)
rMut   .         NoTele   +     (no boots)
Gourm  .                        (no amulet)
MR     .....                    (no ring)
                                (no ring)

@: not resistant to hostile enchantments, stealthy
A: fangs 3, see invisible, unbreathing
a: Bat Form


You were in the Dungeon.
You were not thirsty.

You visited 1 branch You collected 21 gold pieces.

Inventory:

Hand weapons
 a - a +1 dagger (weapon)
Missiles
 k - 6 tomahawks of returning (quivered)
Armour
 b - a +1 robe (worn)
Scrolls
 j - a scroll of blinking
 m - 2 scrolls of torment {unknown}
 n - 3 scrolls of identify
 o - a scroll of remove curse {unknown}
 r - a scroll of recharging {unknown}
Potions
 d - a potion of blood
 e - a potion of curing
 f - a potion of heal wounds
 g - a potion of haste
 h - 2 potions of magic
 i - a potion of berserk rage
 l - 2 potions of mutation {unknown}
 p - 3 potions of cure mutation
 q - a potion of invisibility {unknown}
 s - a potion of flight {unknown}
Books
 c - a book of Maledictions

   Spells                             Type                      Level
   *Corona                            Hexes                        1
   *Sure Blade                        Hexes/Charms                 2
   *Ensorcelled Hibernation           Hexes/Ice                    2
   *Confuse                           Hexes                        3
   *Dazzling Spray                    Conjuration/Hexes            3
   Enslavement                        Hexes                        4


   Skills:
 + Level 4.5 Short Blades
 - Level 2.1 Dodging
 + Level 7.8 Stealth
 + Level 4.2 Spellcasting
 + Level 7.3 Hexes


You couldn't memorise any spells.
You knew the following spells:

 Your Spells              Type           Power        Failure   Level  Hunger
a - Corona                Hex            ####...      1%          1    None
b - Ensorcelled Hibernat  Hex/Ice        ###...       6%          2    ##.....
c - Confuse               Hex            ####....     2%          3    ###....
d - Dazzling Spray        Conj/Hex       ###.....     12%         3    ###....
e - Sure Blade            Hex/Chrm       ###.......   6%          2    ##.....


Dungeon Overview and Level Annotations

Branches:
Dungeon (1/1)

Altars:


Innate Abilities, Weirdness & Mutations

You have razor-sharp teeth.
You have supernaturally acute eyesight.
You can survive without breathing.


Message History

Casting: Dazzling Spray
Confirm with . or Enter, or press ? or * to list all spells.
You don't have enough magic to cast that spell.
The water elemental hits you!
* * * LOW HITPOINT WARNING * * *
The water elemental engulfs you in water!
With effort, you pull free of the water engulfing you.
The water engulfing you falls away.
Casting: Dazzling Spray
Confirm with . or Enter, or press ? or * to list all spells.
Aiming: Dazzling Spray
Press: ? - help, Shift-Dir - straight line, f/p - water elemental
Aim: a water elemental (moderately damaged)
The spray of energy hits the water elemental.
The water elemental is heavily damaged.
The water elemental misses you.
You hit the water elemental but do no damage.
The water elemental is heavily damaged.
The water elemental hits you!
You die...

▓.....#....≈.♣♣♣..###+
▓.....#...≈≈..♣.♣.#...
▓.....#..≈≈≈≈♣♣.♣.'.⌠.
▓####'#..≈≈≈≈≈≈...#...
▓)....#.≈≈≈≈≈≈....#.⌠.
▓.%.%.#.≈≈≈≈≈.....#...
▓.....#.≈≈≈.......#+##
▓'#####...........#
▓....@E...........#
▓▓▓▓▓▓▓▓▓▓▓▓▓▓▓▓▓▓▓


You could see a water elemental.

Vanquished Creatures
  A scorpion (D)
  A human (D)
  A giant mite (D)
  An ooze (D)
  2 rats (D)
6 creatures vanquished.

Vanquished Creatures (others)
  A yaktaur (D)
1 creature vanquished.

Grand Total: 7 creatures vanquished

Notes
Turn   | Place    | Note
--------------------------------------------------------------
     0 | D        | Crauler, the Vampire Enchanter, began the quest for the Orb.
     0 | D        | Reached XP level 1. HP: 13/13 MP: 3/3
    27 | D        | Reached skill level 5 in Stealth
    27 | D        | Reached skill level 5 in Hexes
    27 | D        | Reached XP level 2. HP: 16/19 MP: 5/5
    32 | D        | Learned a level 2 spell: Ensorcelled Hibernation
    92 | D        | Reached skill level 6 in Stealth
    92 | D        | Reached XP level 3. HP: 1/24 MP: 0/8
   100 | D        | Learned a level 3 spell: Confuse
   260 | D        | Noticed a scorpion
   269 | D        | Killed a scorpion
   269 | D        | Reached skill level 7 in Stealth
   269 | D        | Reached XP level 4. HP: 30/30 MP: 2/11
   300 | D        | Learned a level 3 spell: Dazzling Spray
   303 | D        | Learned a level 2 spell: Sure Blade
   309 | D        | Killed a yaktaur
   340 | D        | Noticed a water elemental
   361 | D        | Slain by a water elemental

Action                   |  1- 3 |  4- 6 || total
-------------------------+-------+-------++-------
Melee: Dagger            |    23 |     2 ||    25
 Cast: Ensorcelled Hiber |     4 |       ||     4
       Confuse           |     2 |     1 ||     3
       Dazzling Spray    |       |     3 ||     3
 Stab: Sleeping          |     4 |       ||     4
       Confused          |     2 |       ||     2
  Eat: Corpse            |     2 |       ||     2
